 Dungeon Crawl Stone Soup version 0.23.1 (webtiles) character file.

Game seed: 0

299200 Kniotic the Spry (level 20, -6/147 HPs)
             Began as a Demonspawn Monk on Mar 3, 2019.
             Was a High Priest of Cheibriados.
             Mangled by a vampire knight
             ... wielding a +0 long sword of slicing
              (26 damage)
             ... while paralysed by a vampire knight
             ... on level 2 of the Vaults.
             The game lasted 02:51:02 (56601 turns).

Kniotic the Spry (Demonspawn Monk)                 Turns: 56601, Time: 02:51:03

Health: -6/147     AC: 16    Str: 21    XL:     20   Next: 14%
Magic:  26/26      EV:  2    Int: 28    God:    Cheibriados [*****.]
Gold:   1032       SH:  0    Dex: 45    Spells: 2/19 levels left

rFire    + . .     SeeInvis +     - Unarmed
rCold    + + +     Gourm    .   (no shield)
rNeg     . . .     Faith    .   j - +2 robe of Inonteul {rC++ Str-4}
rPois    .         Spirit   .   l - +1 helmet of Dishonour {rF+ rCorr}
rElec    .         Reflect  .   a - +2 cloak of the Thief {+Fog Slay-2 SInv Stlth+}
rCorr    +         Harm     .   (gloves unavailable)
MR       +....                  H - +1 pair of boots {Stlth+}
Stlth    ++++++++++             X - amulet of magic regeneration
HPRegen  0.34/turn              m - ring of resist corrosion
MPRegen  0.45/turn              S - +5 ring of protection

@: paralysed, agile, very slow
A: claws 3, thin skeletal structure 3, cold resistance 1, low mp 1, nightstalker
2, powered by pain 2, MP-powered wands
}: 2/15 runes: decaying, gossamer
a: Bend Time, Temporal Distortion, Slouch, Step From Time, Renounce Religion,
Evoke Fog


You were on level 2 of the Vaults.
You worshipped Cheibriados.
Cheibriados was extremely pleased with you.
You were not hungry.

You visited 7 branches of the dungeon, and saw 34 of its levels.
You also visited: Sewer and Ossuary.

You collected 3661 gold pieces.
You spent 2629 gold pieces at shops.

Inventory:

Armour
 a - the +2 cloak of the Thief (worn) {+Fog Slay-2 SInv Stlth+}
   (You bought it in a shop on level 2 of the Orcish Mines)

   It affects your accuracy and damage with ranged weapons and melee attacks
   (-2).
   It lets you see invisible.
   It makes you more stealthy.
 i - +0 swamp dragon scales
 j - the +2 robe of Inonteul (worn) {rC++ Str-4}
   (You found it on level 14 of the Dungeon)

   It affects your strength (-4).
   It greatly protects you from cold.
 l - the +1 helmet of Dishonour (worn) {rF+ rCorr}
   (You found it on level 8 of the Dungeon)

   It protects you from fire.
   It provides partial protection from all sources of acid and corrosion.
 u - a +2 cloak of invisibility
 H - a +1 pair of boots of stealth (worn)
Jewellery
 m - a ring of resist corrosion (left claw)
 S - a +5 ring of protection (right claw)
 W - an uncursed ring of protection from fire
 X - an amulet of magic regeneration (around neck)
 Z - a +3 ring of dexterity
Wands
 q - a wand of clouds (7)
 x - a wand of disintegration (40)
 G - a wand of iceblast (13)
 I - a wand of digging (9)
 V - a wand of acid (2)
Scrolls
 c - 4 scrolls of teleportation
 d - 3 scrolls of identify
 k - a scroll of vulnerability {unknown}
 p - 6 scrolls of fear
 r - a scroll of summoning {unknown}
 s - 5 scrolls of fog
 t - 4 scrolls of enchant armour
 v - a scroll of brand weapon {unknown}
 z - 8 scrolls of remove curse
 A - 2 scrolls of torment
 E - 8 scrolls of immolation
 K - 2 scrolls of magic mapping
 N - 3 scrolls of silence {unknown}
 O - 3 scrolls of amnesia
 P - 5 scrolls of enchant weapon
Potions
 e - 19 potions of curing
 g - 10 potions of flight
 h - 2 potions of agility
 n - 5 potions of brilliance
 o - 2 potions of invisibility
 w - 5 potions of might
 B - 9 potions of mutation
 C - 2 potions of resistance
 D - 3 potions of cancellation
 J - 2 potions of lignification
 L - a potion of heal wounds
 Q - 2 potions of magic
Miscellaneous
 f - a box of beasts
 M - a phantom mirror
 R - a fan of gales
 U - a sack of spiders
Comestibles
 b - 52 rations
 F - a chunk of flesh


   Skills:
 - Level 10.0 Fighting
 + Level 18.8 Dodging
 - Level 4.2 Stealth
 + Level 18.7 Unarmed Combat
 - Level 5.4 Translocations
 + Level 10.4 Air Magic
 - Level 12.0 Invocations
 - Level 13.0 Evocations


You had 2 spell levels left.
You knew the following spells:

 Your Spells              Type           Power        Failure   Level  Hunger
a - Blink                 Tloc           N/A          1%          2    ###....
b - Tornado               Air            ######....   100%        9    #######
c - Deflect Missiles      Chrm/Air       ####......   90%         6    #######

Your spell library contained the following spells:

 Spells                   Type           Power        Failure   Level  Hunger
 Flame Tongue             Conj/Fire      #....        11%         1    ##.....
 Magic Dart               Conj           #...         11%         1    ##.....
 Summon Small Mammal      Summ           #...         11%         1    ##.....
 Call Imp                 Summ           #.......     17%         2    ###....
 Searing Ray              Conj           #.....       17%         2    ###....
 Slow                     Hex            #.......     17%         2    ###....
 Throw Flame              Conj/Fire      #.....       17%         2    ###....
 Mephitic Cloud           Conj/Pois/Air  ###.....     9%          3    ####...
 Recall                   Summ/Tloc      N/A          11%         3    ####...
 Summon Lightning Spire   Summ/Air       ####....     13%         4    #####..
 Call Canine Familiar     Summ           #.......     32%         3    ####...
 Conjure Flame            Conj/Fire      #.......     32%         3    ####...
 Dazzling Spray           Conj/Hex       #.....       32%         3    ####...
 Inner Flame              Hex/Fire       #.......     32%         3    ####...
 Summon Guardian Golem    Hex/Summ       #.......     32%         3    ####...
 Force Lance              Conj/Tloc      ###.....     36%         4    #####..
 Silence                  Hex/Air        ####......   36%         5    ######.
 Summon Forest            Summ/Tloc      ###.......   71%         5    ######.
 Fulminant Prism          Conj/Hex       #.........   73%         4    #####..
 Iskenderun's Mystic Bla  Conj           #.......     73%         4    #####..
 Sticky Flame             Conj/Fire      #.......     73%         4    #####..
 Summon Ice Beast         Ice/Summ       #.......     73%         4    #####..
 Conjure Ball Lightning   Conj/Air       ####......   90%         6    #######
 Aura of Abjuration       Summ           #.........   97%         5    ######.
 Fireball                 Conj/Fire      #.........   97%         5    ######.
 Summon Demon             Summ           #.........   97%         5    ######.
 Summon Mana Viper        Hex/Summ       #.......     97%         5    ######.
 Shadow Creatures         Summ           N/A          100%        6    #######
 Malign Gateway           Summ/Tloc      ###.......   100%        7    #######
 Monstrous Menagerie      Summ           #.........   100%        7    #######
 Summon Greater Demon     Summ           #.........   100%        7    #######
 Summon Horrible Things   Summ           #.........   100%        8    #######


Dungeon Overview and Level Annotations

Branches:
Dungeon (15/15)            Temple (1/1) D:4            Lair (6/6) D:11
  Swamp (4/4) Lair:3       Spider (4/4) Lair:3        Slime (0/5) Lair:5
    Orc (2/2) D:9             Elf (0/3) Orc:2        Vaults (2/5) D:13
 Depths (0/5) D:15
  Crypt: Vaults:2-3

Altars:
Ashenzari
Cheibriados
Dithmenos
Elyvilon
Fedhas
Gozag
Hepliaklqana
Kikubaaqudgha
Makhleb
Nemelex Xobeh
Okawaru
Qazlal
Ru
Sif Muna
Trog
Uskayaw
Vehumet
Wu Jian
Xom
Yredelemnul
Zin
The Shining One
Beogh

Shops:
D:11 (   Orc:1 *   Orc:2 [([[   Vaults:1 ?[}!

Portals:
Trove: D:15 (give 18 potions of curing)

Annotations:
D:8 Erica
D:9 1 runed translucent door
D:13 2 transporters, ghroo's ghost, journeyman TrBe
Lair:4 1 runed translucent door, Nyzic's ghost, journeyman TrMo
Swamp:3 Mara
Spider:1 3 runed translucent doors


Innate Abilities, Weirdness & Mutations

You have claws for hands.
You have an unnaturally thin skeletal structure. (Dex +6, Stealth++)
Your flesh is cold resistant. (rC+)
You are significantly more attuned to the shadows.
You sometimes gain power by taking damage.
Your magical capacity is low. (-10% MP)
You expend magic power (3 MP) to strengthen your wands.


Message History

* * * LOW HITPOINT WARNING * * *
The vampire knight completely misses you.
You claw the vampire knight!
The vampire knight is almost destroyed.
The vampire knight is infused with unholy energy.
* * * LOW HITPOINT WARNING * * *
The vampire knight draws life force from you and is healed!
You scratch the vampire knight but do no damage.
The vampire knight is severely damaged.
The vampire knight casts a spell at you.
You suddenly lose the ability to move!
The vampire knight gestures at you while chanting.
You easily resist.
The vampire knight hits you with a +0 long sword of slicing.
* * * LOW HITPOINT WARNING * * *
x2 The vampire knight bites you!
* * * LOW HITPOINT WARNING * * *
The vampire knight draws strength from your injuries!
The vampire knight hits you with a +0 long sword of slicing!!
You die...

.........)#......((...'..
..........'.....((<((.#..
#####'#####....(((....#..
......# #...........#..
....#.# #...........#..
......# #...........#..
.#8...# ###############
##...##########
#...'V@......####
#...#(#(.........
#8...######รท.W#...
......##.....<.....
....#.##...#...#### .....
#........# #####......
########


You could see a vampire knight (invisible).

Vanquished Creatures
  Nikola (Vaults:1)
  Arachne (Spider:2)
  Rupert (D:13)
  Agnes (Spider:2)
  A shadow dragon (D:14)
  2 thorn hunters
  A revenant (Vaults:2)
  4 vault wardens
  3 emperor scorpions (Spider:4)
  3 ghost moths (Spider:4)
  A fire giant (D:14)
  An orc warlord (Orc:2)
  2 stone giants (Vaults:2)
  6 ironheart preservers
  7 entropy weavers
  Nessos (D:15)
  2 deep elf demonologists (Vaults:1)
  A spark wasp (Spider:4)
  A minotaur (shapeshifter) (D:15)
  2 deep elf annihilators (Vaults:1)
  A deep elf death mage (Vaults:1)
  An ettin (Vaults:1)
  Josephine (Lair:6)
  5 yaktaur captains
  4 fire dragons
  2 great orbs of eyes (Vaults:1)
  Fannar (D:10)
  A rakshasa (Vaults:1)
  21 hydras
  4 vault guards
  2 ghost crabs (Swamp:3)
  5 two-headed ogres
  6 centaur warriors
  2 death knights (Vaults:1)
  5 death yaks (Lair:6)
  8 alligators
  An ogre mage (Vaults:1)
  2 deep troll earth magi
  2 tengu warriors (D:15)
  A vampire mage (D:15)
  3 deep elf knights (Vaults:1)
  6 skeletal warriors
  A deep troll (shapeshifter) (Vaults:1)
  3 spriggan druids
  A swamp dragon (shapeshifter) (Vaults:1)
  4 deep trolls (Vaults:1)
  3 unseen horrors
  3 deep elf archers (Vaults:1)
  18 swamp dragons
  A wizard (D:13)
  3 orc knights
  13 ironbrand convokers
  Pikel (D:5)
  9 harpies
  A harpy (shapeshifter) (D:14)
  5 necromancers
  An orc sorcerer (Orc:2)
  17 orb spiders
  A tengu zombie (D:15)
  54 wolf spiders
  11 cyclopes
  6 deep elf magi (Vaults:1)
  A manticore (D:14)
  24 slime creatures
  12 ugly things
  4 black mambas
  2 moths of wrath
  7 elephants (Lair:5)
  3 centaur zombies
  6 vault sentinels
  A spriggan zombie (D:15)
  23 spiny frogs
  A gargoyle (D:10)
  3 torpor snails (Spider:2)
  14 yaktaurs
  15 demonic crawlers
  8 rime drakes
  2 freezing wraiths
  5 komodo dragons
  2 guardian mummies (D:15)
  40 jumping spiders
  7 polar bears
  5 trolls
  Grinder (D:5)
  14 tyrant leeches
  9 bog bodies
  9 blink frogs (Lair:6)
  A harpy skeleton (D:15)
  18 hornets
  16 dream sheep
  9 hippogriffs
  75 redbacks
  2 shadows
  43 tarantellas
  A deep troll skeleton (D:15)
  15 spriggans
  5 wraiths
  51 yaks
  A vampire (D:15)
  19 humans (D:13)
  4 wyverns
  3 fire bats (Lair:3)
  3 basilisks
  A yak (shapeshifter) (Vaults:2)
  A basilisk (shapeshifter) (Vaults:1)
  A hungry ghost (D:7)
  13 steam dragons
  25 vampire mosquitoes
  3 wargs
  19 swamp worms
  4 insubstantial wisps (Swamp:1)
  2 acid dragons
  A human skeleton (D:15)
  14 water moccasins
  7 black bears
  13 swamp drakes
  10 porcupines
  37 orc warriors
  6 sky beasts
  A necrophage (D:7)
  6 ice beasts
  2 eyes of draining (D:12)
  A phantom (D:6)
  25 wolves
  16 boggarts
  26 centaurs
  6 ogres
  14 crocodiles
  An elf simulacrum (Vaults:1)
  A crocodile (shapeshifter) (Vaults:1)
  9 big kobolds
  33 bullfrogs
  A gnoll sergeant (D:5)
  A deep troll simulacrum (Vaults:2)
  10 scorpions
  A wyvern skeleton (D:15)
  11 killer bees
  3 howler monkeys
  8 wights
  3 electric eels
  2 crimson imps
  2 bullfrog zombies (D:13)
  6 hounds
  3 human zombies (Ossuary)
  15 orc priests
  2 centaur skeletons
  2 bullfrog skeletons
  2 jellies
  2 gnoll shamans (D:5)
  27 orc wizards
  3 iguanas
  4 worker ants
  5 big kobold zombies (Ossuary)
  2 human simulacra (D:14)
  2 hound skeletons
  3 mummies (Ossuary)
  60 gnolls
  2 river rats (Sewer)
  16 adders
  A scorpion zombie (Ossuary)
  2 shadow imps
  2 oozes (Sewer)
  11 worms
  7 leopard geckos
  99 orcs
  7 ball pythons
  5 giant cockroaches
  2 gnoll zombies (Ossuary)
  6 goblins
  3 hobgoblins
  22 jackals
  33 kobolds
  7 quokkas
  6 bats
  A frilled lizard (D:4)
  A hobgoblin zombie (Ossuary)
  A jackal skeleton (D:5)
  2 kobold zombies (Ossuary)
  2 orc zombies (Ossuary)
  12 rats
  A fungus (D:11)
  A plant (Lair:6)
1496 creatures vanquished.

Vanquished Creatures (collateral kills)
  the Lernaean hydra (Swamp:4)
1 creature vanquished.

Vanquished Creatures (others)
  A deep elf archer (Vaults:1)
  A wolf spider (Vaults:1)
  A hornet (Swamp:2)
  A hippogriff (Lair:6)
  An orc wizard (D:5)
  2 orcs
  15 fungi
  5 plants
  5 withered plants (D:15)
32 creatures vanquished.

Grand Total: 1529 creatures vanquished

Notes
Turn   | Place    | Note
-------+----------+-------------------------------------------
     0 | D:1      | Kniotic the Demonspawn Monk began the quest for the Orb.
     0 | D:1      | Reached XP level 1. HP: 18/18 MP: 1/1
   289 | D:1      | Gained mutation: You have a somewhat thin skeletal
                  | structure. (Dex +2, Stealth) [demonic ancestry]
   289 | D:1      | Reached XP level 2. HP: 16/24 MP: 2/2
   760 | D:2      | Reached XP level 3. HP: 11/29 MP: 3/3
  2016 | D:3      | Reached XP level 4. HP: 21/35 MP: 4/4
  2372 | D:3      | Reached skill level 5 in Unarmed Combat
  3552 | D:4      | Found a staircase to the Ecumenical Temple.
  3586 | D:4      | Gained mutation: You have sharp fingernails. [demonic
                  | ancestry]
  3586 | D:4      | Reached XP level 5. HP: 26/41 MP: 5/5
  3617 | Temple   | Entered the Ecumenical Temple
  3835 | Temple   | Became a worshipper of Cheibriados the Contemplative
  3835 | Temple   | Reached * piety under Cheibriados
  3835 | Temple   | Reached ** piety under Cheibriados
  4160 | D:4      | Found a deep blue altar of Sif Muna.
  4178 | D:4      | Gained mutation: You sometimes gain a little power by
                  | taking damage. [demonic ancestry]
  4178 | D:4      | Reached XP level 6. HP: 47/47 MP: 6/6
  4642 | D:5      | Entered Level 5 of the Dungeon
  4729 | D:5      | Found a blossoming altar of Fedhas.
  4786 | D:5      | Reached *** piety under Cheibriados
  4859 | D:5      | Gained mutation: You have very sharp fingernails. [demonic
                  | ancestry]
  4859 | D:5      | Reached XP level 7. HP: 34/52 MP: 7/7
  4895 | D:5      | Found a glowing drain.
  4908 | Sewer    | Entered a sewer
  5728 | Sewer    | Reached **** piety under Cheibriados
  6283 | D:5      | Reached XP level 8. HP: 54/58 MP: 8/8
  6453 | D:5      | Noticed Grinder
  7302 | D:5      | Reached ***** piety under Cheibriados
  7489 | D:5      | Reached skill level 10 in Unarmed Combat
  7568 | D:5      | Noticed a moth of wrath
  7571 | D:5      | Found a bloodstained altar of Trog.
  7725 | D:5      | Noticed Pikel
  7768 | D:5      | Was placed under penance by Cheibriados
  7770 | D:5      | Killed Pikel
  7770 | D:5      | Reached XP level 9. HP: 18/67 MP: 9/9
  8041 | D:5      | Was forgiven by Cheibriados
  8057 | D:5      | Gained mutation: You are frail. (-10% HP) [mutagenic glow]
  8088 | D:5      | Gained mutation: Scrolls take you a little longer to read.
                  | [mutagenic glow]
  8111 | D:5      | Reached skill level 5 in Fighting
  8320 | D:5      | Killed Grinder
  8327 | D:5      | Lost mutation: You are frail. (-10% HP) [potion of
                  | mutation]
  8327 | D:5      | Lost mutation: Scrolls take you a little longer to read.
                  | [potion of mutation]
  8327 | D:5      | Gained mutation: Your magical capacity is low. (-10% MP)
                  | [potion of mutation]
  8327 | D:5      | Gained mutation: You expend magic power (3 MP) to
                  | strengthen your wands. [potion of mutation]
  8603 | D:6      | Reached skill level 5 in Dodging
  9187 | D:6      | Found a shadowy altar of Dithmenos.
  9308 | D:6      | Found a stormy altar of Qazlal.
  9912 | D:7      | Found a burning altar of Makhleb.
  9977 | D:7      | Reached ****** piety under Cheibriados
 10356 | D:8      | Noticed a two-headed ogre
 10400 | D:8      | Found a sand-covered staircase.
 10409 | Ossuary  | Entered an ossuary
 10421 | Ossuary  | Gained mutation: You are slightly more attuned to the
                  | shadows. [demonic ancestry]
 10421 | Ossuary  | Reached XP level 10. HP: 75/80 MP: 9/9
 10485 | Ossuary  | Reached skill level 1 in Invocations
 11966 | D:8      | Found a bloodstained altar of Trog.
 11967 | D:8      | Found a hide-covered altar of Uskayaw.
 11967 | D:8      | Found a shimmering altar of Xom.
 11970 | D:8      | Found a burning altar of Makhleb.
 11970 | D:8      | Found a burning altar of Makhleb.
 11970 | D:8      | Found an opulent altar of Gozag.
 12490 | D:8      | Found a shattered altar of Ashenzari.
 12571 | D:8      | Got a smoking helmet
 12789 | D:8      | Killed a two-headed ogre
 12881 | D:8      | Noticed Erica
 13023 | D:9      | Found a glowing golden altar of the Shining One.
 13201 | D:9      | Found a bloodstained altar of Trog.
 13305 | D:9      | Found a runed translucent door.
 13306 | D:9      | Noticed an ice dragon
 13492 | D:9      | Reached skill level 5 in Invocations
 13647 | D:9      | Reached XP level 11. HP: 87/89 MP: 13/13
 13766 | D:9      | Found a staircase to the Orcish Mines.
 13965 | D:10     | Entered Level 10 of the Dungeon
 14011 | D:10     | Noticed Fannar
 14029 | D:10     | Killed Fannar
 14029 | D:10     | HP: 2/90 [bullfrog (7)]
 14337 | D:10     | Identified the +1 helmet of Dishonour {rF+ rCorr} (You
                  | found it on level 8 of the Dungeon)
 14433 | D:10     | Reached skill level 10 in Fighting
 15046 | D:11     | Found a staircase to the Lair.
 15414 | D:11     | Reached skill level 10 in Dodging
 16070 | D:11     | Found Nen Beon's Antique Weapon Emporium.
 16114 | D:12     | Noticed a green ugly thing
 16177 | Lair:1   | Entered Level 1 of the Lair of Beasts
 16210 | Lair:1   | Noticed a seven-headed hydra
 16824 | Lair:2   | Reached XP level 12. HP: 63/97 MP: 16/16
 17356 | Lair:2   | You fall through a shaft!
 17734 | Lair:3   | Noticed a four-headed hydra
 17748 | Lair:3   | Found a staircase to the Swamp.
 17761 | Lair:3   | Found an opulent altar of Gozag.
 17789 | Lair:3   | Noticed an eight-headed hydra
 18045 | Lair:3   | Found a hole to the Spider Nest.
 19113 | Lair:2   | Identified a scroll of acquirement
 19127 | Lair:2   | Got a pitted plate armour
 19551 | Lair:4   | Noticed a five-headed hydra
 20096 | Lair:4   | Killed a five-headed hydra
 20746 | Lair:4   | Found a runed translucent door.
 21018 | Lair:4   | Noticed Nyzic's ghost (journeyman TrMo)
 21204 | Lair:5   | Learned a level 2 spell: Blink
 21289 | Lair:5   | Noticed a six-headed hydra
 21292 | Lair:5   | Reached skill level 10 in Invocations
 21352 | Lair:5   | Gained mutation: You are significantly more attuned to the
                  | shadows. [demonic ancestry]
 21352 | Lair:5   | Reached XP level 13. HP: 94/103 MP: 18/18
 21833 | Lair:5   | Noticed a fire dragon
 22593 | Lair:5   | Killed a fire dragon
 22644 | Lair:5   | Identified the +9 plate armour "Atipneyf" {rF+ MR+ Int+2
                  | Stlth+} (You acquired it on level 2 of the Lair of Beasts)
 22917 | Lair:5   | Found a staircase to the Slime Pits.
 23286 | Lair:6   | Entered Level 6 of the Lair of Beasts
 23286 | Lair:6   | Noticed Josephine
 23855 | Lair:6   | Killed Josephine
 24414 | Lair:6   | Found the +27 Lear's hauberk
 24668 | Lair:6   | Gained mutation: You sometimes gain power by taking damage.
                  | [demonic ancestry]
 24668 | Lair:6   | Reached XP level 14. HP: 110/110 MP: 20/20
 25334 | D:12     | Reached skill level 1 in Translocations
 26059 | D:13     | Noticed Rupert
 26070 | D:13     | Killed Rupert
 26348 | D:13     | Found a gate to the Vaults.
 26558 | D:13     | Found a transporter.
 26562 | D:13     | Noticed ghroo's ghost (journeyman TrBe)
 26797 | D:13     | Found a transporter.
 27510 | D:14     | Found a snail-covered altar of Cheibriados.
 27804 | D:14     | Reached XP level 15. HP: 106/115 MP: 21/21
 27836 | D:14     | Noticed a fire giant
 27844 | D:14     | Noticed a shadow dragon
 27846 | D:14     | Killed a fire giant
 27863 | D:14     | Killed a shadow dragon
 28006 | D:14     | Got an ominously black robe
 28162 | D:15     | Entered Level 15 of the Dungeon
 28443 | D:15     | Reached skill level 15 in Dodging
 28457 | D:15     | Found a staircase to the Depths.
 28468 | D:15     | Reached skill level 15 in Unarmed Combat
 29069 | D:15     | Noticed Nessos
 29082 | D:15     | Killed Nessos
 29087 | D:15     | Found a portal to a secret trove of treasure.
 29121 | D:15     | Reached skill level 5 in Translocations
 29365 | Orc:1    | Entered Level 1 of the Orcish Mines
 29571 | Orc:1    | Found Eloplyxumo's Eclectic Emporium.
 29782 | Orc:2    | Entered Level 2 of the Orcish Mines
 29830 | Orc:2    | Found a roughly hewn altar of Beogh.
 29920 | Orc:2    | Found a staircase to the Elven Halls.
 29973 | Orc:2    | Paralysed by an orc sorcerer for 7 turns
 30155 | Orc:2    | Found a roughly hewn altar of Beogh.
 30210 | Orc:2    | Noticed an orc warlord
 30823 | Orc:2    | Found a roughly hewn altar of Beogh.
 30826 | Orc:2    | Found Plog's Armour Shop.
 30857 | Orc:2    | Found a roughly hewn altar of Beogh.
 30868 | Orc:2    | Found Tomyopn's Antique Armour Boutique.
 30951 | Orc:2    | Found a roughly hewn altar of Beogh.
 30973 | Orc:2    | Found a roughly hewn altar of Beogh.
 31087 | Orc:2    | Killed an orc warlord
 31099 | Orc:2    | Found Welerret's Antique Armour Emporium.
 31101 | Orc:2    | Found a roughly hewn altar of Beogh.
 31103 | Orc:2    | Found Anarojum's Antique Weapon Shoppe.
 31327 | Orc:2    | Bought the +2 cloak of the Thief {+Fog Slay-2 SInv Stlth+}
                  | for 281 gold pieces
 31327 | Orc:2    | Found the +2 cloak of the Thief {+Fog Slay-2 SInv Stlth+}
 31400 | Orc:1    | Bought a potion of experience for 550 gold pieces
 31400 | Orc:1    | Bought a manual of Evocations for 1214 gold pieces
 31641 | Lair:3   | Reached skill level 1 in Evocations
 31727 | Swamp:1  | Entered Level 1 of the Swamp
 32236 | Swamp:1  | Reached XP level 16. HP: 35/122 MP: 22/22
 32904 | Swamp:1  | Gained mutation: You have a moderately thin skeletal
                  | structure. (Dex +4, Stealth+) [demonic ancestry]
 32904 | Swamp:1  | Reached XP level 17. HP: 53/128 MP: 23/23
 33190 | Swamp:1  | Found a basalt altar of Yredelemnul.
 33198 | Swamp:1  | Got a smoking helmet
 33742 | Swamp:1  | Identified the +2 robe of Inonteul {rC++ Str-4} (You found
                  | it on level 14 of the Dungeon)
 33743 | Swamp:1  | Identified the +2 helmet of Shielding {*Corrode rPois rN+
                  | Int+4} (You found it on level 1 of the Swamp)
 35505 | Swamp:3  | Noticed Mara
 35533 | Swamp:3  | Reached skill level 10 in Evocations
 37117 | Swamp:4  | Entered Level 4 of the Swamp
 38069 | Swamp:4  | Identified the cursed +1 shortbow of Insomnia {freeze,
                  | rElec rC- MR+}
 39091 | Swamp:4  | Noticed the 27-headed Lernaean hydra
 39102 | Swamp:4  | HP: 5/128 [the 27-headed Lernaean hydra (11)]
 39516 | Swamp:4  | Killed the 27-headed Lernaean hydra
 39799 | Swamp:4  | Got a decaying rune of Zot
 43619 | Lair:3   | Learned a level 9 spell: Tornado
 43671 | Spider:1 | Entered Level 1 of the Spider Nest
 43909 | Orc:2    | Bought a pair of glowing gloves for 217 gold pieces
 43909 | Orc:2    | Bought a pair of glowing boots for 217 gold pieces
 44335 | Spider:1 | Found a runed translucent gate.
 44335 | Spider:1 | Found a runed translucent gate.
 44335 | Spider:1 | Found a runed translucent gate.
 44446 | Spider:1 | Reached skill level 1 in Air Magic
 45346 | Spider:2 | Gained mutation: You have claws for hands. [demonic
                  | ancestry]
 45346 | Spider:2 | Reached XP level 18. HP: 131/134 MP: 24/24
 46586 | Spider:2 | Noticed Arachne
 46641 | Spider:2 | Noticed Agnes
 46648 | Spider:2 | Killed Agnes
 47218 | Spider:2 | Killed Arachne
 47218 | Spider:2 | Reached skill level 5 in Air Magic
 48890 | Spider:4 | Entered Level 4 of the Spider Nest
 49337 | Spider:4 | Learned a level 6 spell: Deflect Missiles
 50915 | Spider:4 | Gained mutation: You have an unnaturally thin skeletal
                  | structure. (Dex +6, Stealth++) [demonic ancestry]
 50915 | Spider:4 | Reached XP level 19. HP: 100/140 MP: 2/25
 51212 | Spider:4 | Got a gossamer rune of Zot
 51491 | Vaults:1 | Entered Level 1 of the Vaults
 51529 | Vaults:1 | Noticed Nikola
 51550 | Vaults:1 | Killed Nikola
 51994 | Vaults:1 | Found Garulaev's Distillery.
 52206 | Vaults:1 | Bought a potion of curing for 30 gold pieces
 52206 | Vaults:1 | Bought a potion of curing for 30 gold pieces
 52206 | Vaults:1 | Bought a potion of curing for 30 gold pieces
 52206 | Vaults:1 | Bought a potion of curing for 30 gold pieces
 52206 | Vaults:1 | Bought a potion of curing for 30 gold pieces
 52825 | Vaults:1 | HP: 1/140 [ogre mage/crystal spear (51)]
 53432 | Vaults:1 | Found Yppy's Antique Armour Emporium.
 53592 | Vaults:1 | Found Taop's Magic Scroll Emporium.
 53614 | Vaults:1 | Found Egiyf's Gadget Shop.
 55019 | Vaults:2 | Reached skill level 10 in Air Magic
 55325 | Vaults:2 | Gained mutation: Your flesh is cold resistant. (rC+)
                  | [demonic ancestry]
 55325 | Vaults:2 | Reached XP level 20. HP: 98/147 MP: 26/26
 56588 | Vaults:2 | Paralysed by a vampire knight for 7 turns
 56599 | Vaults:2 | Paralysed by a vampire knight for 7 turns
 56601 | Vaults:2 | Mangled by a vampire knight

Skill      XL: |  1  2  3  4  5  6  7  8  9 10 11 12 13 14 15 16 17 18 19 |
---------------+----------------------------------------------------------+-----
Unarmed Combat | 3 4 5 6 7 9 10 12 13 14 15 16 17 18 | 18.7
Dodging        | 4 7 8 10 12 13 14 15 16 17 18 | 18.8
Fighting       | 4 7 9 10 | 10.0
Invocations    | 5 8 10 11 12 | 12.0
Stealth        | 4 |  4.2
Translocations | 3 5 |  5.4
Evocations     | 8 13 | 13.0
Air Magic      | 2 7 10 | 10.4

Action                   |  1- 3 |  4- 6 |  7- 9 | 10-12 | 13-15 | 16-18 | 19-21 || total
-------------------------+-------+-------+-------+-------+-------+-------+-------++-------
Melee: Unarmed           |   135 |   169 |   446 |   747 |  1396 |  1488 |   630 ||  5011
       Punch             |     3 |     6 |    22 |    72 |   162 |   251 |   120 ||   636
 Fire: Blowgun           |       |       |       |     1 |     1 |       |       ||     2
 Cast: Blink             |       |       |       |       |     1 |     1 |       ||     2
Invok: Bend Time         |       |       |       |     1 |       |       |       ||     1
       Step From Time    |       |       |       |       |     1 |     3 |     2 ||     6
       Slouch            |       |       |       |       |       |     3 |    11 ||    14
       Temporal Distorti |       |       |       |       |       |     3 |       ||     3
 Abil: Evoke Fog         |       |       |       |       |       |     1 |     1 ||     2
Evoke: Wand              |       |       |       |     7 |    10 |    27 |     3 ||    47
       Phantom mirror    |       |       |       |       |       |     1 |       ||     1
  Use: Potion            |       |     2 |     3 |     4 |     6 |     5 |     5 ||    25
       Scroll            |       |       |     7 |    22 |    15 |     6 |     2 ||    52
 Stab: Sleeping          |     8 |     7 |    16 |    49 |    33 |    32 |    10 ||   155
       Distracted        |       |     1 |       |     6 |    12 |    24 |     6 ||    49
       Confused          |       |       |       |       |       |     2 |       ||     2
  Eat: Chunk             |     3 |     8 |    11 |    19 |    17 |    17 |    11 ||    86
       Ration            |       |       |       |       |     2 |     5 |     1 ||     8
Armor: Robe              |    14 |     7 |    24 |    46 |       |       |    75 ||   166
       Steam dragon scal |       |       |       |       |    25 |       |       ||    25
       Chain mail        |       |       |       |       |   417 |    51 |       ||   468
       Swamp dragon scal |       |       |       |       |       |   297 |    12 ||   309
Dodge: Dodged            |    91 |   106 |   276 |   831 |  1567 |  2348 |   750 ||  5969
